PITTSBURGH Penguins vs OTTAWA Senators

Created - 3 avril 2024 at 14:29

Goals
1 2 3 T
PITTSBURGH Penguins 1 1 0 2
OTTAWA Senators 0 1 2 3
Shots
1 2 3 T
PITTSBURGH Penguins 14 4 8 26
OTTAWA Senators 8 13 17 38

1st period

1. PITTSBURGH Penguins , Jason Robertson 35 (Jordan Kyrou 27, Brandon Carlo 36) at 17:18

Penalties :
Ben Chiarot (OTT) for Slashing (Minor) at 0:40, Max Domi (OTT) for Boarding (Minor) at 3:36, Garnet Hathaway (OTT) for High sticking (Minor) at 9:23

2nd period

2. OTTAWA Senators , Mikko Rantanen 32 (K'Andre Miller 49, Cale Makar 50) at 3:53
3. PITTSBURGH Penguins , Jordan Staal 10 (Jason Robertson 34, Brandon Carlo 37) at 8:08

Penalties :
Robert Bortuzzo (PIT) for Slashing (Minor) at 15:49, Connor Clifton (PIT) for High sticking (Minor) at 18:04

3rd period

4. OTTAWA Senators , K'Andre Miller 14 (Connor McDavid 54) at 3:05 (PP)
5. OTTAWA Senators , Connor McDavid 49 (K'Andre Miller 50, Cale Makar 51) at 19:05 (PP)

Penalties :
Connor Clifton (PIT) for Roughing (Minor) at 2:27, Jason Robertson (PIT) for High sticking (Minor) at 12:04, Brandon Carlo (PIT) for Hooking (Minor) at 18:07

Goalie Stats

Cam Talbot (PIT), 35 saves from 38 shots - (0,921), L, 29-27-3, 59:33 minutes
Logan Thompson (OTT), 24 saves from 26 shots - (0,923), W, 41-18-4, 60:00 minutes

Players Stats for PITTSBURGH Penguins

Player Name              G  A  P  +/- PIM S  H  SB GA TA FO     MP     PP MP  PK MP  
------------------------------------------------------------------------------------
Adam Pelech              0  0  0   0  0   1  7  0  0  0  0/0    24:30   3:06   4:01 
Alexander Volkov         0  0  0   0  0   0  0  0  0  0  0/0     5:29   0:00   0:30 
Barclay Goodrow          0  0  0   0  0   2  2  0  0  0  6/12   11:50   0:00   0:12 
Brandon Carlo            0  2  2   1  2   1  2  2  0  0  0/0    21:30   2:51   3:00 
Connor Clifton           0  0  0   0  4   1  1  1  0  0  0/0    13:57   0:00   0:32 
Evgeni Malkin            0  0  0   0  0   1  1  0  0  0  15/27  19:17   2:32   2:18 
Gabriel Vilardi          0  0  0   0  0   3  0  0  0  0  1/1    16:45   2:32   0:00 
Jake Guentzel            0  0  0   0  0   2  1  0  0  0  0/0    17:49   2:32   1:04 
Jason Robertson          1  1  2   1  2   2  0  1  0  0  1/2    23:20   3:25   4:30 
Jesse Puljujarvi         0  0  0   0  0   2  0  0  0  0  0/1    11:38   0:00   0:00 
Jordan Kyrou             0  1  1   1  0   5  0  0  0  0  0/0    19:05   3:25   0:00 
Jordan Staal             1  0  1   1  0   4  5  0  0  0  22/46  24:46   3:25   5:55 
Nate Schmidt             0  0  0   1  0   1  0  5  0  0  0/0    22:03   2:51   3:32 
Patrik Laine             0  0  0   0  0   0  0  0  0  0  0/1    11:52   0:00   0:00 
Robert Bortuzzo          0  0  0   0  2   0  3  0  0  0  0/0    13:26   0:00   0:00 
Tanner Pearson           0  0  0   0  0   0  0  0  0  0  0/0     5:36   0:00   0:37 
Thomas Chabot            0  0  0   0  0   1  1  1  0  0  0/0    24:30   3:06   4:01 
Yakov Trenin             0  0  0   0  0   0  2  0  0  0  2/5     4:59   0:00   0:00 

Players Stats for OTTAWA Senators

Player Name              G  A  P  +/- PIM S  H  SB GA TA FO     MP     PP MP  PK MP  
------------------------------------------------------------------------------------
Anthony Duclair          0  0  0   0  0   1  0  0  0  0  0/2    13:13   0:00   0:00 
Ben Chiarot              0  0  0   0  2   0  1  6  0  0  0/0    17:51   0:00   1:55 
Cale Makar               0  2  2  -1  0   2  0  3  0  0  0/0    25:53   3:57   3:04 
Connor McDavid           1  1  2  -1  0   7  5  0  0  0  21/46  25:27   3:57   3:42 
Dylan Strome             0  0  0   0  0   3  1  0  0  0  13/24  18:01   3:36   0:00 
Garnet Hathaway          0  0  0   0  2   1  0  0  0  0  0/0    15:10   0:00   0:00 
J.J. Moser               0  0  0   0  0   2  1  0  0  0  0/0    12:39   0:00   0:58 
K'Andre Miller           1  2  3  -1  0   1  2  2  0  0  0/0    25:53   3:57   3:04 
Max Domi                 0  0  0  -1  2   2  2  0  0  0  4/5    22:19   3:57   1:29 
Mikko Rantanen           1  0  1  -1  0   6  2  2  0  0  0/1    26:31   3:57   3:42 
Nick Seeler              0  0  0   0  0   0  0  0  0  0  0/0     3:12   0:00   0:00 
Rasmus Sandin            0  0  0   0  0   2  0  0  0  0  0/0     3:36   3:36   0:00 
Ryan Johansen            0  0  0   0  0   2  2  0  0  0  8/14   15:03   0:00   0:46 
Samuel Girard            0  0  0   0  0   1  1  2  0  0  0/0    19:14   3:36   2:53 
Sean Durzi               0  0  0   0  0   0  2  0  0  0  0/0    11:41   0:00   0:00 
Steven Lorentz           0  0  0   0  0   0  0  0  0  0  0/0     0:00   0:00   0:00 
Tyler Bertuzzi           0  0  0   0  0   5  3  0  0  0  2/2    20:16   3:36   2:15 
Vladimir Tarasenko       0  0  0   0  0   3  2  0  0  0  0/1    18:01   3:36   0:00 

3 Stars

1 - K'Andre Miller (OTT)
2 - Connor McDavid (OTT)
3 - Jordan Staal (PIT)

Power Play

PITTSBURGH Penguins - 0 on 3 Attempt(s) - 0,00%
OTTAWA Senators - 2 on 5 Attempt(s) - 40,00%

Penalty Kill

PITTSBURGH Penguins - 3 on 5 Attempt(s) - 60,00% - Score 0 goal in Penalty Kill
OTTAWA Senators - 3 on 3 Attempt(s) - 100,00% - Score 0 goal in Penalty Kill

Team Stat

PITTSBURGH Penguins - Hits : 25 - Faceoff Wins : 47 - Blocked Shots : 10 - Penalty Minutes : 10
OTTAWA Senators - Hits : 24 - Faceoff Wins : 48 - Blocked Shots : 15 - Penalty Minutes : 6

Official

Referees : Trevor Hanson and Frederick L'Ecuyer
Linesman : Matt MacPherson and Travis Gawryletz

Game Notes

No Game Note

Finance

Level 1 -- Attendance: 5146 (75,63%) -- Ticket Income $514,600
Level 2 -- Attendance: 3854 (66,45%) -- Ticket Income $231,240
Level 3 -- Attendance: 1871 (46,78%) -- Ticket Income $65,485
Level 4 -- Attendance: 4230 (84,57%) -- Ticket Income $84,600
Luxury Box -- Attendance: 842 (79,81%) -- Ticket Income $168,400
Game was played at the Canadian Tire Centre.
Total Attendance: 15943 (70,35%)
Total Ticket Income: $1,064,325
Other Income: $266,081
Total Income: $1,330,406

PITTSBURGH Penguins

5 vs 5 Forward 
   Center                   Left Wing                Right Wing               Time % Phy DF OF 
 1 Jordan Staal             Jason Robertson          Jordan Kyrou             34     1   1  3  
 2 Evgeni Malkin            Jake Guentzel            Gabriel Vilardi          30     1   1  3  
 3 Barclay Goodrow          Patrik Laine             Jesse Puljujarvi         24     1   1  3  
 4 Yakov Trenin             Tanner Pearson           Alexander Volkov         12     1   3  1  

5 vs 5 Defense 
   Defense                  Defense                                           Time % Phy DF OF 
 1 Adam Pelech              Thomas Chabot                                     38     1   1  3  
 2 Brandon Carlo            Nate Schmidt                                      36     1   3  1  
 3 Connor Clifton           Robert Bortuzzo                                   26     1   4  0  
 4 Adam Pelech              Thomas Chabot                                     0      1   4  0  

PowerPlay Forward 
   Center                   Left Wing                Right Wing               Time % Phy DF OF 
 1 Jordan Staal             Jason Robertson          Jordan Kyrou             65     0   0  5  
 2 Evgeni Malkin            Jake Guentzel            Gabriel Vilardi          35     0   1  4  

PowerPlay Defense
   Defense                  Defense                                           Time % Phy DF OF 
 1 Adam Pelech              Thomas Chabot                                     65     0   0  5  
 2 Brandon Carlo            Nate Schmidt                                      35     0   1  4  

Penalty Kill 4 Players Forward 
   Center                   Wing                     Time % Phy DF OF 
 1 Jordan Staal             Jason Robertson          60     1   4  0  
 2 Evgeni Malkin            Jake Guentzel            40     0   5  0  

Penalty Kill 4 Players Defense
   Defense                  Defense                  Time % Phy DF OF 
 1 Adam Pelech              Thomas Chabot            60     1   4  0  
 2 Brandon Carlo            Nate Schmidt             40     1   4  0  

Penalty Kill - 3 Players Forward 
   Forward                                           Time % Phy DF OF 
 1 Jordan Staal                                      50     0   5  0  
 2 Evgeni Malkin                                     50     0   5  0  

Penalty Kill - 3 Players Defense
   Defense                  Defense                  Time % Phy DF OF 
 1 Adam Pelech              Thomas Chabot            70     1   4  0  
 2 Brandon Carlo            Nate Schmidt             30     1   4  0  

4 vs 4 Forward 
   Center                   Wing                     Time % Phy DF OF 
 1 Jordan Staal             Jason Robertson          60     0   2  3  
 2 Evgeni Malkin            Jake Guentzel            40     0   2  3  

4 vs 4 Defense
   Defense                  Defense                  Time % Phy DF OF 
 1 Adam Pelech              Thomas Chabot            58     1   2  2  
 2 Brandon Carlo            Nate Schmidt             42     1   2  2  

Last Minutes Offensive
   Center                   Left Wing                Right Wing               Defense                  Defense                  
   Jordan Staal             Jason Robertson          Jordan Kyrou             Adam Pelech              Thomas Chabot            

Last Minutes Defensive
   Center                   Left Wing                Right Wing               Defense                  Defense                  
   Jordan Staal             Jason Robertson          Jordan Kyrou             Adam Pelech              Thomas Chabot            

Goaltenders
Starting : Cam Talbot               
Backup : Elvis Merzlikins         

Extra Forwards
Normal : Evgeni Malkin, Patrik Laine, Barclay Goodrow - PP : Evgeni Malkin, Patrik Laine - PK : Evgeni Malkin
Extra Defensemen
Normal : Nate Schmidt, Connor Clifton, Robert Bortuzzo - PP : Nate Schmidt - PK : Nate Schmidt, Connor Clifton
Penalty Shots
Jason Robertson, Jake Guentzel, Jordan Kyrou, Jordan Staal, Evgeni Malkin

Scratches
None

OTTAWA Senators

5 vs 5 Forward 
   Center                   Left Wing                Right Wing               Time % Phy DF OF 
 1 Connor McDavid           Max Domi                 Mikko Rantanen           40     1   2  2  
 2 Dylan Strome             Tyler Bertuzzi           Vladimir Tarasenko       30     1   2  2  
 3 Ryan Johansen            Anthony Duclair          Garnet Hathaway          20     1   2  2  
 4 Ryan Johansen            Garnet Hathaway          Mikko Rantanen           10     1   2  2  

5 vs 5 Defense 
   Defense                  Defense                                           Time % Phy DF OF 
 1 Cale Makar               K'Andre Miller                                    40     1   2  2  
 2 Samuel Girard            Ben Chiarot                                       30     1   2  2  
 3 Sean Durzi               J.J. Moser                                        20     1   2  2  
 4 Nick Seeler              Ben Chiarot                                       10     1   2  2  

PowerPlay Forward 
   Center                   Left Wing                Right Wing               Time % Phy DF OF 
 1 Connor McDavid           Max Domi                 Mikko Rantanen           60     1   2  2  
 2 Dylan Strome             Tyler Bertuzzi           Vladimir Tarasenko       40     1   2  2  

PowerPlay Defense
   Defense                  Defense                                           Time % Phy DF OF 
 1 Cale Makar               K'Andre Miller                                    60     1   2  2  
 2 Samuel Girard            Rasmus Sandin                                     40     1   2  2  

Penalty Kill 4 Players Forward 
   Center                   Wing                     Time % Phy DF OF 
 1 Connor McDavid           Mikko Rantanen           60     1   2  2  
 2 Max Domi                 Tyler Bertuzzi           40     1   2  2  

Penalty Kill 4 Players Defense
   Defense                  Defense                  Time % Phy DF OF 
 1 Cale Makar               K'Andre Miller           60     1   2  2  
 2 Samuel Girard            Ben Chiarot              40     1   2  2  

Penalty Kill - 3 Players Forward 
   Forward                                           Time % Phy DF OF 
 1 Connor McDavid                                    60     1   2  2  
 2 Mikko Rantanen                                    40     1   2  2  

Penalty Kill - 3 Players Defense
   Defense                  Defense                  Time % Phy DF OF 
 1 Cale Makar               K'Andre Miller           60     1   2  2  
 2 Samuel Girard            Ben Chiarot              40     1   2  2  

4 vs 4 Forward 
   Center                   Wing                     Time % Phy DF OF 
 1 Connor McDavid           Mikko Rantanen           60     1   2  2  
 2 Dylan Strome             Tyler Bertuzzi           40     1   2  2  

4 vs 4 Defense
   Defense                  Defense                  Time % Phy DF OF 
 1 Cale Makar               K'Andre Miller           60     1   2  2  
 2 Samuel Girard            Rasmus Sandin            40     1   2  2  

Last Minutes Offensive
   Center                   Left Wing                Right Wing               Defense                  Defense                  
   Connor McDavid           Tyler Bertuzzi           Mikko Rantanen           Cale Makar               K'Andre Miller           

Last Minutes Defensive
   Center                   Left Wing                Right Wing               Defense                  Defense                  
   Connor McDavid           Garnet Hathaway          Mikko Rantanen           Cale Makar               K'Andre Miller           

Goaltenders
Starting : Logan Thompson           
Backup : Pheonix Copley           

Extra Forwards
Normal : Mikko Rantanen, Anthony Duclair, Ryan Johansen - PP : Connor McDavid, Anthony Duclair - PK : Ryan Johansen
Extra Defensemen
Normal : Sean Durzi, J.J. Moser, Nick Seeler - PP : Sean Durzi - PK : J.J. Moser, Nick Seeler
Penalty Shots
Connor McDavid, Mikko Rantanen, Max Domi, Dylan Strome, Tyler Bertuzzi

Scratches
Boris Katchouk (Healthy), Filip Zadina (Healthy), Rasmus Asplund (Healthy)

% Time on Ice - PITTSBURGH Penguins

Lines # - Real PCT - Wanted PCT - Time Play
Normal Forward
1 - 32% - 34% - 14:46
2 - 31% - 30% - 14:13
3 - 26% - 24% - 11:38
4 - 11% - 12% - 4:59
Normal Defense
1 - 36% - 38% - 16:29
2 - 34% - 36% - 15:40
3 - 29% - 26% - 13:27
4 - 0% - 0% - 0:00
PP Forward
1 - 57% - 65% - 3:25
2 - 43% - 35% - 2:32
PP Defense
1 - 52% - 65% - 3:06
2 - 48% - 35% - 2:51
PK Forward
1 - 86% - 60% - 6:29
2 - 14% - 40% - 1:04
PK Defense
1 - 53% - 60% - 4:01
2 - 47% - 40% - 3:32
PK3 Forward
1 - 0% - 50%
2 - 0% - 50%
PK3 Defense
1 - 0% - 70%
2 - 0% - 30%
44 Forward
1 - 0% - 60%
2 - 0% - 40%
44 Defense
1 - 0% - 58%
2 - 0% - 42%
Last Minute Offensive  - 0:54
Last Minute Defensive  - 0:00
Total
Forward - 60:00
Defense - 60:00

% Time on Ice - OTTAWA Senators

Lines # - Real PCT - Wanted PCT - Time Play
Normal Forward
1 - 37% - 40% - 16:54
2 - 32% - 30% - 14:25
3 - 28% - 20% - 12:54
4 - 3% - 10% - 1:23
Normal Defense
1 - 39% - 40% - 17:58
2 - 28% - 30% - 12:45
3 - 26% - 20% - 11:41
4 - 7% - 10% - 3:12
PP Forward
1 - 52% - 60% - 3:57
2 - 48% - 40% - 3:36
PP Defense
1 - 52% - 60% - 3:57
2 - 48% - 40% - 3:36
PK Forward
1 - 62% - 60% - 3:42
2 - 38% - 40% - 2:15
PK Defense
1 - 52% - 60% - 3:04
2 - 48% - 40% - 2:53
PK3 Forward
1 - 0% - 60%
2 - 0% - 40%
PK3 Defense
1 - 0% - 60%
2 - 0% - 40%
44 Forward
1 - 0% - 60%
2 - 0% - 40%
44 Defense
1 - 0% - 60%
2 - 0% - 40%
Last Minute Offensive  - 0:00
Last Minute Defensive  - 0:54
Total
Forward - 60:00
Defense - 60:00

Play-by-Play

1st period


0:01 of 1st period - Connor McDavid wins face-off versus Jordan Staal in neutral zone.
0:20 of 1st period - Shot by Connor McDavid.
0:20 of 1st period - Shot Misses the Net.
0:22 of 1st period - Shot by Cale Makar.
0:22 of 1st period - Stopped by Cam Talbot without a rebound.
0:23 of 1st period - Evgeni Malkin wins face-off versus Dylan Strome in PITTSBURGH Penguins zone.
0:40 of 1st period - Minor Penalty to Ben Chiarot for Slashing.
0:41 of 1st period - Connor McDavid wins face-off versus Jordan Staal in OTTAWA Senators zone.
1:01 of 1st period - Icing by Adam Pelech.
1:02 of 1st period - Jordan Staal wins face-off versus Connor McDavid in PITTSBURGH Penguins zone.
1:02 of 1st period - Jordan Staal is hit by Connor McDavid.
1:56 of 1st period - Off-side.
1:57 of 1st period - Max Domi wins face-off versus Evgeni Malkin in neutral zone.
2:08 of 1st period - Shot by Brandon Carlo.
2:08 of 1st period - Deflect By Jake Guentzel.
2:08 of 1st period - Shot Misses the Net.
2:10 of 1st period - Shot by Jake Guentzel.
2:10 of 1st period - Shot Misses the Net.
2:18 of 1st period - Shot by Jake Guentzel.
2:18 of 1st period - Shot Blocked by Mikko Rantanen.
2:20 of 1st period - Shot by Evgeni Malkin.
2:20 of 1st period - Stopped by Logan Thompson without a rebound.
2:21 of 1st period - Max Domi wins face-off versus Jordan Staal in OTTAWA Senators zone.
2:46 of 1st period - Garnet Hathaway is hit by Robert Bortuzzo and loses puck.
3:13 of 1st period - Shot by Garnet Hathaway.
3:13 of 1st period - Shot Misses the Net.
3:30 of 1st period - Icing by Robert Bortuzzo.
3:31 of 1st period - Barclay Goodrow wins face-off versus Connor McDavid in PITTSBURGH Penguins zone.
3:35 of 1st period - Connor Clifton is hit by Connor McDavid and loses puck.
3:36 of 1st period - Minor Penalty to Max Domi for Boarding.
3:37 of 1st period - Jordan Staal wins face-off versus Connor McDavid in OTTAWA Senators zone.
3:57 of 1st period - Jason Robertson is hit by K'Andre Miller and loses puck.
4:00 of 1st period - Shot by Jordan Staal.
4:00 of 1st period - Shot Misses the Net.
4:08 of 1st period - Shot by Thomas Chabot.
4:08 of 1st period - Shot Misses the Net.
4:40 of 1st period - Shot by Brandon Carlo.
4:40 of 1st period - Stopped by Logan Thompson with a rebound.
5:00 of 1st period - Shot by Nate Schmidt.
5:00 of 1st period - Deflect By Gabriel Vilardi.
5:00 of 1st period - Shot Misses the Net.
5:02 of 1st period - Shot by Brandon Carlo.
5:02 of 1st period - Shot Misses the Net.
5:04 of 1st period - Shot by Jake Guentzel.
5:04 of 1st period - Stopped by Logan Thompson without a rebound.
5:05 of 1st period - Jordan Staal wins face-off versus Connor McDavid in OTTAWA Senators zone.
5:10 of 1st period - Shot by Adam Pelech.
5:10 of 1st period - Stopped by Logan Thompson with a rebound.
5:12 of 1st period - Shot by Adam Pelech.
5:12 of 1st period - Shot Blocked by K'Andre Miller.
5:24 of 1st period - Shot by Thomas Chabot.
5:24 of 1st period - Shot Hit the Post.
5:26 of 1st period - Shot by Jordan Staal.
5:26 of 1st period - Stopped by Logan Thompson without a rebound.
5:27 of 1st period - Evgeni Malkin wins face-off versus Connor McDavid in OTTAWA Senators zone.
5:28 of 1st period - Shot by Nate Schmidt.
5:28 of 1st period - Shot Misses the Net.
6:25 of 1st period - Icing by Alexander Volkov.
6:26 of 1st period - Connor McDavid wins face-off versus Yakov Trenin in PITTSBURGH Penguins zone.
6:26 of 1st period - Cale Makar is hit by Robert Bortuzzo and loses puck.
6:41 of 1st period - Shot by Connor McDavid.
6:41 of 1st period - Stopped by Cam Talbot without a rebound.
6:42 of 1st period - Ryan Johansen wins face-off versus Jordan Staal in PITTSBURGH Penguins zone.
7:15 of 1st period - Shot by Jordan Kyrou.
7:15 of 1st period - Stopped by Logan Thompson without a rebound.
7:16 of 1st period - Connor McDavid wins face-off versus Evgeni Malkin in OTTAWA Senators zone.
8:02 of 1st period - Shot by Mikko Rantanen.
8:02 of 1st period - Stopped by Cam Talbot with a rebound.
8:24 of 1st period - Shot by Jason Robertson.
8:24 of 1st period - Shot Blocked by Ben Chiarot.
8:26 of 1st period - Shot by Jordan Kyrou.
8:26 of 1st period - Stopped by Logan Thompson without a rebound.
8:27 of 1st period - Barclay Goodrow wins face-off versus Anthony Duclair in OTTAWA Senators zone.
9:13 of 1st period - Thomas Chabot is hit by Ryan Johansen and loses puck.
9:23 of 1st period - Minor Penalty to Garnet Hathaway for High sticking.
9:24 of 1st period - Jordan Staal wins face-off versus Connor McDavid in OTTAWA Senators zone.
9:29 of 1st period - Shot by Jordan Kyrou.
9:29 of 1st period - Stopped by Logan Thompson without a rebound.
9:30 of 1st period - Connor McDavid wins face-off versus Jordan Staal in OTTAWA Senators zone.
9:30 of 1st period - Connor McDavid is hit by Jordan Staal.
9:40 of 1st period - Shot by Brandon Carlo.
9:40 of 1st period - Shot Blocked by Ben Chiarot.
9:42 of 1st period - Shot by Jason Robertson.
9:42 of 1st period - Stopped by Logan Thompson without a rebound.
9:43 of 1st period - Evgeni Malkin wins face-off versus Connor McDavid in OTTAWA Senators zone.
9:53 of 1st period - Shot by Nate Schmidt.
9:53 of 1st period - Stopped by Logan Thompson without a rebound.
9:54 of 1st period - Jordan Staal wins face-off versus Connor McDavid in OTTAWA Senators zone.
10:01 of 1st period - Shot by Jordan Kyrou.
10:01 of 1st period - Shot Hit the Post.
10:12 of 1st period - Icing by Adam Pelech.
10:13 of 1st period - Connor McDavid wins face-off versus Jordan Staal in PITTSBURGH Penguins zone.
10:24 of 1st period - Shot by Jordan Staal.
10:24 of 1st period - Stopped by Logan Thompson without a rebound.
10:25 of 1st period - Connor McDavid wins face-off versus Evgeni Malkin in OTTAWA Senators zone.
11:02 of 1st period - Samuel Girard is hit by Jake Guentzel and loses puck.
11:54 of 1st period - Shot by Garnet Hathaway.
11:54 of 1st period - Shot Misses the Net.
12:37 of 1st period - Shot by Jason Robertson.
12:37 of 1st period - Deflect By Jordan Kyrou.
12:37 of 1st period - Shot Misses the Net.
13:02 of 1st period - Connor McDavid is hit by Adam Pelech and loses puck.
13:16 of 1st period - Icing by Cale Makar.
13:17 of 1st period - Connor McDavid wins face-off versus Evgeni Malkin in OTTAWA Senators zone.
14:01 of 1st period - Shot by Tyler Bertuzzi.
14:01 of 1st period - Stopped by Cam Talbot without a rebound.
14:02 of 1st period - Yakov Trenin wins face-off versus Anthony Duclair in PITTSBURGH Penguins zone.
14:25 of 1st period - Shot by Tanner Pearson.
14:25 of 1st period - Deflect By Yakov Trenin.
14:25 of 1st period - Shot Hit the Post.
14:36 of 1st period - Yakov Trenin is hit by Sean Durzi and loses puck.
15:00 of 1st period - Icing by Ryan Johansen.
15:01 of 1st period - Ryan Johansen wins face-off versus Jordan Staal in OTTAWA Senators zone.
15:28 of 1st period - Shot by Jason Robertson.
15:28 of 1st period - Shot Blocked by Ben Chiarot.
15:45 of 1st period - Jason Robertson is hit by Samuel Girard and loses puck.
16:00 of 1st period - Shot by Jake Guentzel.
16:00 of 1st period - Deflect By Evgeni Malkin.
16:00 of 1st period - Shot Blocked by Ben Chiarot.
16:02 of 1st period - Shot by Gabriel Vilardi.
16:02 of 1st period - Stopped by Logan Thompson without a rebound.
16:03 of 1st period - Connor McDavid wins face-off versus Barclay Goodrow in OTTAWA Senators zone.
16:15 of 1st period - Off-side.
16:16 of 1st period - Evgeni Malkin wins face-off versus Connor McDavid in neutral zone.
16:24 of 1st period - Shot by Connor McDavid.
16:24 of 1st period - Shot Misses the Net.
16:26 of 1st period - Shot by Cale Makar.
16:26 of 1st period - Shot Misses the Net.
16:32 of 1st period - Shot by Connor McDavid.
16:32 of 1st period - Stopped by Cam Talbot with a rebound.
16:48 of 1st period - Icing by Cale Makar.
16:49 of 1st period - Connor McDavid wins face-off versus Jordan Staal in OTTAWA Senators zone.
17:06 of 1st period - Shot by Connor McDavid.
17:06 of 1st period - Shot Blocked by Brandon Carlo.
17:16 of 1st period - Shot by Jordan Kyrou.
17:16 of 1st period - Stopped by Logan Thompson with a rebound.
17:18 of 1st period - Shot by Jason Robertson.
17:18 of 1st period - Goal by Jason Robertson - PITTSBURGH Penguins : 1 - OTTAWA Senators : 0.
17:19 of 1st period - Evgeni Malkin wins face-off versus Dylan Strome in neutral zone.
18:17 of 1st period - Off-side.
18:18 of 1st period - Jordan Staal wins face-off versus Ryan Johansen in neutral zone.
18:43 of 1st period - Shot by Ryan Johansen.
18:43 of 1st period - Shot Misses the Net.
18:45 of 1st period - Shot by Garnet Hathaway.
18:45 of 1st period - Deflect By Ryan Johansen.
18:45 of 1st period - Shot Misses the Net.
18:47 of 1st period - Shot by Anthony Duclair.
18:47 of 1st period - Deflect By Ryan Johansen.
18:47 of 1st period - Stopped by Cam Talbot with a rebound.
18:51 of 1st period - Shot by J.J. Moser.
18:51 of 1st period - Stopped by Cam Talbot with a rebound.
18:53 of 1st period - Shot by J.J. Moser.
18:53 of 1st period - Stopped by Cam Talbot without a rebound.
18:54 of 1st period - Connor McDavid wins face-off versus Barclay Goodrow in PITTSBURGH Penguins zone.
19:20 of 1st period - Icing by Connor McDavid.
19:21 of 1st period - Evgeni Malkin wins face-off versus Max Domi in OTTAWA Senators zone.
19:30 of 1st period - Shot by Jake Guentzel.
19:30 of 1st period - Shot Misses the Net.
Goals for this period are 1 for PITTSBURGH Penguins vs 0 for OTTAWA Senators.
Shots for this period are 14 for PITTSBURGH Penguins vs 8 for OTTAWA Senators.

2nd period


0:01 of 2nd period - Jordan Staal wins face-off versus Connor McDavid in neutral zone.
0:13 of 2nd period - Off-side.
0:14 of 2nd period - Dylan Strome wins face-off versus Evgeni Malkin in neutral zone.
0:17 of 2nd period - Evgeni Malkin is hit by Tyler Bertuzzi and loses puck.
0:34 of 2nd period - Shot by Thomas Chabot.
0:34 of 2nd period - Stopped by Logan Thompson without a rebound.
0:35 of 2nd period - Max Domi wins face-off versus Jordan Staal in OTTAWA Senators zone.
0:49 of 2nd period - Icing by Brandon Carlo.
0:50 of 2nd period - Jordan Staal wins face-off versus Dylan Strome in PITTSBURGH Penguins zone.
1:11 of 2nd period - Shot by Vladimir Tarasenko.
1:11 of 2nd period - Stopped by Cam Talbot without a rebound.
1:12 of 2nd period - Connor McDavid wins face-off versus Evgeni Malkin in PITTSBURGH Penguins zone.
1:15 of 2nd period - Shot by Connor McDavid.
1:15 of 2nd period - Stopped by Cam Talbot without a rebound.
1:16 of 2nd period - Barclay Goodrow wins face-off versus Connor McDavid in PITTSBURGH Penguins zone.
1:23 of 2nd period - Barclay Goodrow is hit by Max Domi and loses puck.
2:22 of 2nd period - Icing by Ben Chiarot.
2:23 of 2nd period - Dylan Strome wins face-off versus Jordan Staal in OTTAWA Senators zone.
2:33 of 2nd period - Tyler Bertuzzi is hit by Brandon Carlo and loses puck.
2:40 of 2nd period - Shot by Tyler Bertuzzi.
2:40 of 2nd period - Shot Misses the Net.
2:42 of 2nd period - Shot by Samuel Girard.
2:42 of 2nd period - Shot Misses the Net.
2:44 of 2nd period - Shot by Tyler Bertuzzi.
2:44 of 2nd period - Stopped by Cam Talbot without a rebound.
2:45 of 2nd period - Evgeni Malkin wins face-off versus Ryan Johansen in PITTSBURGH Penguins zone.
3:04 of 2nd period - Shot by Jake Guentzel.
3:04 of 2nd period - Shot Misses the Net.
3:09 of 2nd period - Sean Durzi is hit by Connor Clifton and loses puck.
3:22 of 2nd period - Garnet Hathaway is hit by Evgeni Malkin and loses puck.
3:53 of 2nd period - Shot by Mikko Rantanen.
3:53 of 2nd period - Goal by Mikko Rantanen - PITTSBURGH Penguins : 1 - OTTAWA Senators : 1.
3:54 of 2nd period - Dylan Strome wins face-off versus Barclay Goodrow in neutral zone.
4:05 of 2nd period - Shot by Tyler Bertuzzi.
4:05 of 2nd period - Stopped by Cam Talbot without a rebound.
4:06 of 2nd period - Jordan Staal wins face-off versus Connor McDavid in PITTSBURGH Penguins zone.
4:08 of 2nd period - Nate Schmidt is hit by Connor McDavid and loses puck.
4:15 of 2nd period - Shot by Jason Robertson.
4:15 of 2nd period - Shot Misses the Net.
4:27 of 2nd period - Shot by Mikko Rantanen.
4:27 of 2nd period - Shot Blocked by Nate Schmidt.
4:29 of 2nd period - Shot by Cale Makar.
4:29 of 2nd period - Stopped by Cam Talbot without a rebound.
4:30 of 2nd period - Dylan Strome wins face-off versus Barclay Goodrow in PITTSBURGH Penguins zone.
4:30 of 2nd period - Samuel Girard is hit by Adam Pelech and loses puck.
5:16 of 2nd period - Tyler Bertuzzi is hit by Adam Pelech and loses puck.
5:36 of 2nd period - Mikko Rantanen is hit by Adam Pelech and loses puck.
5:46 of 2nd period - Icing by Barclay Goodrow.
5:47 of 2nd period - Ryan Johansen wins face-off versus Patrik Laine in PITTSBURGH Penguins zone.
6:15 of 2nd period - Thomas Chabot is hit by Sean Durzi and loses puck.
6:39 of 2nd period - Off-side.
6:40 of 2nd period - Gabriel Vilardi wins face-off versus Connor McDavid in neutral zone.
6:54 of 2nd period - Shot by Gabriel Vilardi.
6:54 of 2nd period - Stopped by Logan Thompson with a rebound.
7:06 of 2nd period - Shot by Gabriel Vilardi.
7:06 of 2nd period - Shot Blocked by Cale Makar.
7:24 of 2nd period - Shot by Evgeni Malkin.
7:24 of 2nd period - Deflect By Jake Guentzel.
7:24 of 2nd period - Shot Misses the Net.
7:33 of 2nd period - Icing by Connor McDavid.
7:34 of 2nd period - Connor McDavid wins face-off versus Jordan Staal in OTTAWA Senators zone.
7:34 of 2nd period - Connor McDavid is hit by Jordan Staal.
7:37 of 2nd period - Cale Makar is hit by Jordan Staal.
7:42 of 2nd period - K'Andre Miller is hit by Brandon Carlo and loses puck.
8:02 of 2nd period - Shot by Jason Robertson.
8:02 of 2nd period - Shot Misses the Net.
8:08 of 2nd period - Shot by Jordan Staal.
8:08 of 2nd period - Goal by Jordan Staal - PITTSBURGH Penguins : 2 - OTTAWA Senators : 1.
8:09 of 2nd period - Yakov Trenin wins face-off versus Dylan Strome in neutral zone.
8:22 of 2nd period - Icing by Connor Clifton.
8:23 of 2nd period - Ryan Johansen wins face-off versus Yakov Trenin in PITTSBURGH Penguins zone.
8:43 of 2nd period - Icing by J.J. Moser.
8:44 of 2nd period - Jordan Staal wins face-off versus Ryan Johansen in OTTAWA Senators zone.
9:45 of 2nd period - Thomas Chabot is hit by Tyler Bertuzzi and loses puck.
9:58 of 2nd period - Shot by Gabriel Vilardi.
9:58 of 2nd period - Shot Misses the Net.
10:00 of 2nd period - Shot by Evgeni Malkin.
10:00 of 2nd period - Shot Blocked by Samuel Girard.
10:02 of 2nd period - Shot by Adam Pelech.
10:02 of 2nd period - Shot Blocked by Samuel Girard.
10:58 of 2nd period - Shot by Max Domi.
10:58 of 2nd period - Shot Misses the Net.
11:00 of 2nd period - Shot by Max Domi.
11:00 of 2nd period - Shot Misses the Net.
11:10 of 2nd period - J.J. Moser is hit by Yakov Trenin and loses puck.
11:56 of 2nd period - Icing by Nate Schmidt.
11:57 of 2nd period - Dylan Strome wins face-off versus Jordan Staal in PITTSBURGH Penguins zone.
12:41 of 2nd period - Shot by Dylan Strome.
12:41 of 2nd period - Shot Blocked by Thomas Chabot.
12:52 of 2nd period - Off-side.
12:53 of 2nd period - Connor McDavid wins face-off versus Evgeni Malkin in neutral zone.
13:20 of 2nd period - Shot by Jake Guentzel.
13:20 of 2nd period - Shot Misses the Net.
13:27 of 2nd period - Off-side.
13:28 of 2nd period - Barclay Goodrow wins face-off versus Ryan Johansen in neutral zone.
13:30 of 2nd period - Off-side.
13:31 of 2nd period - Dylan Strome wins face-off versus Jason Robertson in neutral zone.
13:38 of 2nd period - Shot by Dylan Strome.
13:38 of 2nd period - Shot Misses the Net.
14:01 of 2nd period - Jordan Kyrou is hit by Ben Chiarot and loses puck.
14:40 of 2nd period - Icing by Thomas Chabot.
14:41 of 2nd period - Ryan Johansen wins face-off versus Evgeni Malkin in PITTSBURGH Penguins zone.
15:16 of 2nd period - Shot by Mikko Rantanen.
15:16 of 2nd period - Shot Misses the Net.
15:18 of 2nd period - Shot by Garnet Hathaway.
15:18 of 2nd period - Stopped by Cam Talbot with a rebound.
15:44 of 2nd period - Shot by Connor McDavid.
15:44 of 2nd period - Shot Misses the Net.
15:49 of 2nd period - Minor Penalty to Robert Bortuzzo for Slashing.
15:50 of 2nd period - Dylan Strome wins face-off versus Jordan Staal in PITTSBURGH Penguins zone.
16:11 of 2nd period - Shot by Dylan Strome.
16:11 of 2nd period - Stopped by Cam Talbot without a rebound.
16:12 of 2nd period - Max Domi wins face-off versus Jordan Staal in PITTSBURGH Penguins zone.
16:15 of 2nd period - Shot by Connor McDavid.
16:15 of 2nd period - Shot Misses the Net.
16:21 of 2nd period - Shot by Mikko Rantanen.
16:21 of 2nd period - Stopped by Cam Talbot with a rebound.
16:25 of 2nd period - Shot by Connor McDavid.
16:25 of 2nd period - Stopped by Cam Talbot without a rebound.
16:26 of 2nd period - Dylan Strome wins face-off versus Jordan Staal in PITTSBURGH Penguins zone.
16:29 of 2nd period - Shot by Tyler Bertuzzi.
16:29 of 2nd period - Shot Misses the Net.
17:06 of 2nd period - Shot by Dylan Strome.
17:06 of 2nd period - Deflect By Tyler Bertuzzi.
17:06 of 2nd period - Stopped by Cam Talbot without a rebound.
17:07 of 2nd period - Connor McDavid wins face-off versus Evgeni Malkin in PITTSBURGH Penguins zone.
17:07 of 2nd period - Cale Makar is hit by Adam Pelech and loses puck.
17:14 of 2nd period - Shot by Connor McDavid.
17:14 of 2nd period - Shot Misses the Net.
17:16 of 2nd period - Shot by Cale Makar.
17:16 of 2nd period - Shot Misses the Net.
17:18 of 2nd period - Shot by Max Domi.
17:18 of 2nd period - Stopped by Cam Talbot without a rebound.
17:19 of 2nd period - Jordan Staal wins face-off versus Connor McDavid in PITTSBURGH Penguins zone.
17:19 of 2nd period - Jordan Staal is hit by Mikko Rantanen.
17:35 of 2nd period - Shot by K'Andre Miller.
17:35 of 2nd period - Shot Blocked by Nate Schmidt.
17:37 of 2nd period - Shot by Connor McDavid.
17:37 of 2nd period - Stopped by Cam Talbot without a rebound.
17:38 of 2nd period - Evgeni Malkin wins face-off versus Dylan Strome in PITTSBURGH Penguins zone.
17:38 of 2nd period - Evgeni Malkin is hit by Vladimir Tarasenko.
18:04 of 2nd period - Minor Penalty to Connor Clifton for High sticking.
18:05 of 2nd period - Jordan Staal wins face-off versus Connor McDavid in PITTSBURGH Penguins zone.
18:45 of 2nd period - Cale Makar is hit by Thomas Chabot and loses puck.
19:16 of 2nd period - Icing by Rasmus Sandin.
19:17 of 2nd period - Jordan Staal wins face-off versus Dylan Strome in OTTAWA Senators zone.
19:34 of 2nd period - Shot by Jake Guentzel.
19:34 of 2nd period - Stopped by Logan Thompson without a rebound.
19:35 of 2nd period - Jordan Staal wins face-off versus Connor McDavid in OTTAWA Senators zone.
19:40 of 2nd period - Shot by Jason Robertson.
19:40 of 2nd period - Shot Misses the Net.
19:43 of 2nd period - Icing by K'Andre Miller.
19:44 of 2nd period - Connor McDavid wins face-off versus Jordan Staal in OTTAWA Senators zone.
Goals for this period are 1 for PITTSBURGH Penguins vs 1 for OTTAWA Senators.
Shots for this period are 4 for PITTSBURGH Penguins vs 13 for OTTAWA Senators.

3rd period


0:01 of 3rd period - Jordan Staal wins face-off versus Connor McDavid in neutral zone.
0:34 of 3rd period - Shot by Dylan Strome.
0:34 of 3rd period - Stopped by Cam Talbot without a rebound.
0:35 of 3rd period - Connor McDavid wins face-off versus Jordan Staal in PITTSBURGH Penguins zone.
0:55 of 3rd period - Icing by Adam Pelech.
0:56 of 3rd period - Jason Robertson wins face-off versus Ryan Johansen in PITTSBURGH Penguins zone.
0:56 of 3rd period - Jason Robertson is hit by Ryan Johansen.
1:08 of 3rd period - Shot by Jason Robertson.
1:08 of 3rd period - Shot Blocked by Ben Chiarot.
1:13 of 3rd period - Samuel Girard is hit by Adam Pelech and loses puck.
1:43 of 3rd period - Ben Chiarot is hit by Barclay Goodrow.
1:56 of 3rd period - Icing by Barclay Goodrow.
1:57 of 3rd period - Barclay Goodrow wins face-off versus Connor McDavid in PITTSBURGH Penguins zone.
2:11 of 3rd period - Off-side.
2:12 of 3rd period - Evgeni Malkin wins face-off versus Dylan Strome in neutral zone.
2:23 of 3rd period - Robert Bortuzzo is hit by Tyler Bertuzzi and loses puck.
2:27 of 3rd period - Minor Penalty to Connor Clifton for Roughing.
2:28 of 3rd period - Jordan Staal wins face-off versus Mikko Rantanen in PITTSBURGH Penguins zone.
2:34 of 3rd period - Icing by Cale Makar.
2:35 of 3rd period - Jordan Staal wins face-off versus Connor McDavid in OTTAWA Senators zone.
2:50 of 3rd period - Brandon Carlo is hit by Max Domi and loses puck.
3:05 of 3rd period - Shot by K'Andre Miller.
3:05 of 3rd period - Goal by K'Andre Miller - PITTSBURGH Penguins : 2 - OTTAWA Senators : 2.
3:06 of 3rd period - Tyler Bertuzzi wins face-off versus Evgeni Malkin in neutral zone.
3:10 of 3rd period - Vladimir Tarasenko is hit by Adam Pelech and loses puck.
4:21 of 3rd period - Shot by Jason Robertson.
4:21 of 3rd period - Shot Blocked by Mikko Rantanen.
4:23 of 3rd period - Shot by Nate Schmidt.
4:23 of 3rd period - Shot Blocked by Cale Makar.
4:29 of 3rd period - Shot by Jordan Staal.
4:29 of 3rd period - Deflect By Jordan Kyrou.
4:29 of 3rd period - Shot Misses the Net.
4:31 of 3rd period - Shot by Brandon Carlo.
4:31 of 3rd period - Shot Blocked by Cale Makar.
4:33 of 3rd period - Shot by Jordan Staal.
4:33 of 3rd period - Shot Blocked by K'Andre Miller.
4:35 of 3rd period - Shot by Brandon Carlo.
4:35 of 3rd period - Shot Misses the Net.
4:37 of 3rd period - Shot by Brandon Carlo.
4:37 of 3rd period - Shot Misses the Net.
5:15 of 3rd period - Jesse Puljujarvi is hit by J.J. Moser and loses puck.
5:18 of 3rd period - Shot by Jesse Puljujarvi.
5:18 of 3rd period - Stopped by Logan Thompson with a rebound.
5:48 of 3rd period - Shot by Ryan Johansen.
5:48 of 3rd period - Stopped by Cam Talbot without a rebound.
5:49 of 3rd period - Evgeni Malkin wins face-off versus Vladimir Tarasenko in PITTSBURGH Penguins zone.
6:13 of 3rd period - Brandon Carlo is hit by Vladimir Tarasenko and loses puck.
6:40 of 3rd period - Icing by Cale Makar.
6:41 of 3rd period - Jordan Staal wins face-off versus Connor McDavid in OTTAWA Senators zone.
6:42 of 3rd period - Shot by Jason Robertson.
6:42 of 3rd period - Shot Misses the Net.
7:01 of 3rd period - Icing by Thomas Chabot.
7:02 of 3rd period - Ryan Johansen wins face-off versus Jordan Staal in PITTSBURGH Penguins zone.
7:05 of 3rd period - Shot by J.J. Moser.
7:05 of 3rd period - Shot Blocked by Jason Robertson.
7:23 of 3rd period - Shot by Jordan Staal.
7:23 of 3rd period - Shot Misses the Net.
7:25 of 3rd period - Shot by Adam Pelech.
7:25 of 3rd period - Shot Hit the Post.
7:27 of 3rd period - Shot by Jordan Kyrou.
7:27 of 3rd period - Stopped by Logan Thompson without a rebound.
7:28 of 3rd period - Connor McDavid wins face-off versus Jesse Puljujarvi in OTTAWA Senators zone.
7:47 of 3rd period - Shot by Mikko Rantanen.
7:47 of 3rd period - Shot Misses the Net.
7:49 of 3rd period - Shot by Max Domi.
7:49 of 3rd period - Stopped by Cam Talbot without a rebound.
7:50 of 3rd period - Dylan Strome wins face-off versus Evgeni Malkin in PITTSBURGH Penguins zone.
7:55 of 3rd period - Shot by Tyler Bertuzzi.
7:55 of 3rd period - Shot Misses the Net.
8:02 of 3rd period - Shot by Ben Chiarot.
8:02 of 3rd period - Shot Misses the Net.
8:04 of 3rd period - Shot by Samuel Girard.
8:04 of 3rd period - Shot Blocked by Brandon Carlo.
8:06 of 3rd period - Shot by Ben Chiarot.
8:06 of 3rd period - Shot Misses the Net.
8:08 of 3rd period - Shot by Dylan Strome.
8:08 of 3rd period - Shot Blocked by Nate Schmidt.
8:10 of 3rd period - Shot by Vladimir Tarasenko.
8:10 of 3rd period - Stopped by Cam Talbot with a rebound.
8:12 of 3rd period - Shot by Dylan Strome.
8:12 of 3rd period - Stopped by Cam Talbot without a rebound.
8:13 of 3rd period - Jordan Staal wins face-off versus Connor McDavid in PITTSBURGH Penguins zone.
8:13 of 3rd period - Jordan Staal is hit by Mikko Rantanen.
8:29 of 3rd period - Shot by Connor McDavid.
8:29 of 3rd period - Stopped by Cam Talbot without a rebound.
8:30 of 3rd period - Barclay Goodrow wins face-off versus Dylan Strome in PITTSBURGH Penguins zone.
8:30 of 3rd period - Barclay Goodrow is hit by Dylan Strome.
8:40 of 3rd period - Ben Chiarot is hit by Barclay Goodrow and loses puck.
8:55 of 3rd period - Shot by Barclay Goodrow.
8:55 of 3rd period - Shot Blocked by Ben Chiarot.
9:05 of 3rd period - Shot by Barclay Goodrow.
9:05 of 3rd period - Stopped by Logan Thompson with a rebound.
9:11 of 3rd period - Shot by Barclay Goodrow.
9:11 of 3rd period - Stopped by Logan Thompson without a rebound.
9:12 of 3rd period - Connor McDavid wins face-off versus Jordan Staal in OTTAWA Senators zone.
9:33 of 3rd period - Cale Makar is hit by Jordan Staal and loses puck.
9:42 of 3rd period - Thomas Chabot is hit by Connor McDavid.
9:56 of 3rd period - Jordan Staal is hit by Connor McDavid and loses puck.
10:13 of 3rd period - Shot by Anthony Duclair.
10:13 of 3rd period - Stopped by Cam Talbot without a rebound.
10:14 of 3rd period - Evgeni Malkin wins face-off versus Dylan Strome in PITTSBURGH Penguins zone.
10:40 of 3rd period - Shot by Gabriel Vilardi.
10:40 of 3rd period - Stopped by Logan Thompson without a rebound.
10:41 of 3rd period - Ryan Johansen wins face-off versus Yakov Trenin in OTTAWA Senators zone.
10:41 of 3rd period - J.J. Moser is hit by Yakov Trenin and loses puck.
11:03 of 3rd period - Shot by Garnet Hathaway.
11:03 of 3rd period - Shot Misses the Net.
11:43 of 3rd period - Max Domi is hit by Robert Bortuzzo and loses puck.
12:01 of 3rd period - Icing by Connor McDavid.
12:02 of 3rd period - Jordan Staal wins face-off versus Connor McDavid in OTTAWA Senators zone.
12:04 of 3rd period - Minor Penalty to Jason Robertson for High sticking.
12:05 of 3rd period - Dylan Strome wins face-off versus Jordan Staal in PITTSBURGH Penguins zone.
13:11 of 3rd period - Icing by Cale Makar.
13:12 of 3rd period - Connor McDavid wins face-off versus Evgeni Malkin in OTTAWA Senators zone.
13:45 of 3rd period - Shot by Mikko Rantanen.
13:45 of 3rd period - Stopped by Cam Talbot without a rebound.
13:46 of 3rd period - Dylan Strome wins face-off versus Barclay Goodrow in PITTSBURGH Penguins zone.
13:47 of 3rd period - Shot by Rasmus Sandin.
13:47 of 3rd period - Stopped by Cam Talbot with a rebound.
13:49 of 3rd period - Shot by Vladimir Tarasenko.
13:49 of 3rd period - Stopped by Cam Talbot with a rebound.
13:51 of 3rd period - Shot by Tyler Bertuzzi.
13:51 of 3rd period - Stopped by Cam Talbot without a rebound.
13:52 of 3rd period - Tyler Bertuzzi wins face-off versus Jordan Staal in PITTSBURGH Penguins zone.
13:59 of 3rd period - Shot by Samuel Girard.
13:59 of 3rd period - Stopped by Cam Talbot without a rebound.
14:00 of 3rd period - Dylan Strome wins face-off versus Jordan Staal in PITTSBURGH Penguins zone.
14:11 of 3rd period - Shot by Mikko Rantanen.
14:11 of 3rd period - Shot Blocked by Connor Clifton.
14:17 of 3rd period - Shot by Patrik Laine.
14:17 of 3rd period - Deflect By Jesse Puljujarvi.
14:17 of 3rd period - Stopped by Logan Thompson with a rebound.
14:25 of 3rd period - Shot by Connor Clifton.
14:25 of 3rd period - Shot Misses the Net.
14:27 of 3rd period - Shot by Patrik Laine.
14:27 of 3rd period - Deflect By Barclay Goodrow.
14:27 of 3rd period - Shot Misses the Net.
14:29 of 3rd period - Shot by Connor Clifton.
14:29 of 3rd period - Stopped by Logan Thompson without a rebound.
14:30 of 3rd period - Evgeni Malkin wins face-off versus Dylan Strome in OTTAWA Senators zone.
14:30 of 3rd period - Evgeni Malkin is hit by K'Andre Miller.
15:08 of 3rd period - Shot by Dylan Strome.
15:08 of 3rd period - Shot Blocked by Nate Schmidt.
15:28 of 3rd period - Shot by Mikko Rantanen.
15:28 of 3rd period - Deflect By Connor McDavid.
15:28 of 3rd period - Shot Blocked by Nate Schmidt.
15:44 of 3rd period - Icing by Nate Schmidt.
15:45 of 3rd period - Evgeni Malkin wins face-off versus Ryan Johansen in PITTSBURGH Penguins zone.
16:00 of 3rd period - Shot by Jason Robertson.
16:00 of 3rd period - Shot Misses the Net.
16:40 of 3rd period - Icing by Sean Durzi.
16:41 of 3rd period - Ryan Johansen wins face-off versus Barclay Goodrow in OTTAWA Senators zone.
17:08 of 3rd period - Shot by Mikko Rantanen.
17:08 of 3rd period - Shot Misses the Net.
17:55 of 3rd period - Icing by Ben Chiarot.
17:56 of 3rd period - Dylan Strome wins face-off versus Jordan Staal in OTTAWA Senators zone.
17:56 of 3rd period - Dylan Strome is hit by Jordan Staal.
18:07 of 3rd period - Minor Penalty to Brandon Carlo for Hooking.
18:08 of 3rd period - Jordan Staal wins face-off versus Dylan Strome in PITTSBURGH Penguins zone.
18:43 of 3rd period - Shot by Rasmus Sandin.
18:43 of 3rd period - Stopped by Cam Talbot without a rebound.
18:44 of 3rd period - Evgeni Malkin wins face-off versus Connor McDavid in PITTSBURGH Penguins zone.
19:05 of 3rd period - Shot by Connor McDavid.
19:05 of 3rd period - Goal by Connor McDavid - PITTSBURGH Penguins : 2 - OTTAWA Senators : 3.
19:06 of 3rd period - Connor McDavid wins face-off versus Jordan Staal in neutral zone.
19:13 of 3rd period - Shot by Mikko Rantanen.
19:13 of 3rd period - Stopped by Cam Talbot with a rebound.
19:21 of 3rd period - Shot by Mikko Rantanen.
19:21 of 3rd period - Stopped by Cam Talbot without a rebound.
19:22 of 3rd period - Jordan Staal wins face-off versus Connor McDavid in PITTSBURGH Penguins zone.
19:33 of 3rd period - PITTSBURGH Penguins, Cam Talbot is pulled from the net.
19:39 of 3rd period - Shot by Jason Robertson.
19:39 of 3rd period - Shot Misses the Net.
19:43 of 3rd period - Shot by Adam Pelech.
19:43 of 3rd period - Shot Misses the Net.
19:45 of 3rd period - Shot by Jordan Staal.
19:45 of 3rd period - Stopped by Logan Thompson without a rebound.
19:46 of 3rd period - Evgeni Malkin wins face-off versus Connor McDavid in OTTAWA Senators zone.
Goals for this period are 0 for PITTSBURGH Penguins vs 2 for OTTAWA Senators.
Shots for this period are 8 for PITTSBURGH Penguins vs 17 for OTTAWA Senators. Output by the SimonT Hockey Simulator (STHS) for Martin Benoit - Original Page W3C HTML5 Valid
Hockey Simulator - Hockey Simulation - Hockey Manager